TOP OF THE 1ST |
Franklin Fire batting - Pitching for Hicksville Hounds : RHP Bartolo Cardona
|
Pitching: RHP Bartolo Cardona
|
|
Batting: LHB Bobby Verstraten
|
0-0: Called Strike 0-1: DOUBLE (Line Drive, 7LD, EV 98.8 MPH)
|
Batting: RHB Charlie Yaeger
|
0-0: Foul Ball, location: 2F 0-1: Called Strike 0-2: Ball 1-2: Ball 2-2: Ground out 1-3 (Groundball, 15S, EV 71.9 MPH)
|
Batting: LHB Zak Makepeace
|
0-0: Foul Ball, location: 2F 0-1: Swinging Strike 0-2: Ball 1-2: Strikes out swinging
|
Batting: RHB Nick McGhee
|
0-0: Called Strike 0-1: Called Strike 0-2: Foul Ball, location: 2F 0-2: Ball 1-2: Strikes out looking
|
Top of the 1st over - 0 runs, 1 hit, 0 errors, 1 left on base; Franklin 0 - Hicksville 0 |
BOTTOM OF THE 1ST |
Hicksville Hounds batting - Pitching for Franklin Fire : LHP George Battle
|
Pitching: LHP George Battle
|
|
Batting: RHB Shi-yu Ting
|
0-0: Ground out 1-3 (Groundball, 34S, EV 82.5 MPH)
|
Batting: LHB Robbie Care
|
0-0: Ball 1-0: Ball 2-0: Ball 3-0: Called Strike 3-1: Foul Ball, location: 2F 3-2: SINGLE (Groundball, 34D, EV 107.5 MPH)
|
Batting: RHB Luther H. Greene
|
0-0: Ball 1-0: Hit by Pitch Robbie Care to second
|
Batting: RHB Aloysius Szymanski
|
0-0: Ball 1-0: Fly out, F9 (Line Drive, 9, EV 103.8 MPH)
|
Batting: SHB Juan Alonso
|
0-0: Called Strike 0-1: Ball 1-1: Ball 2-1: Fly out, F9 (Flyball, 9S, EV 96.9 MPH)
|
Bottom of the 1st over - 0 runs, 1 hit, 0 errors, 2 left on base; Franklin 0 - Hicksville 0 |
TOP OF THE 2ND |
Franklin Fire batting - Pitching for Hicksville Hounds : RHP Bartolo Cardona
|
Batting: RHB Tucker Sanford
|
0-0: Ball 1-0: Ball 2-0: Called Strike 2-1: Swinging Strike 2-2: Strikes out looking
|
Batting: SHB Roberto Arroyo
|
0-0: Swinging Strike 0-1: Ball 1-1: Foul Ball, location: 2F 1-2: Foul Ball, location: 2F 1-2: Strikes out swinging
|
Batting: SHB Millard Jones
|
0-0: Called Strike 0-1: Foul Ball, location: 2F 0-2: Strikes out looking
|
Top of the 2nd over - 0 runs, 0 hits, 0 errors, 0 left on base; Franklin 0 - Hicksville 0 |
BOTTOM OF THE 2ND |
Hicksville Hounds batting - Pitching for Franklin Fire : LHP George Battle
|
Batting: RHB Hiroshige Yamada
|
0-0: Swinging Strike 0-1: Ball 1-1: TRIPLE (Flyball, 89XD, EV 91.2 MPH)
|
Batting: RHB Rafael Briones
|
0-0: Ball 1-0: Ball 2-0: Foul Ball, location: 2F 2-1: Foul Ball, location: 2F 2-2: Ball 3-2: Base on Balls
|
Batting: LHB Trent Armstrong
|
0-0: Called Strike 0-1: Called Strike 0-2: Strikes out swinging
|
Batting: LHB Michael Cherry
|
0-0: Fly out, F7 (Flyball, 78S, EV 87.5 MPH)
|
Batting: RHB Shi-yu Ting
|
0-0: Foul Ball, location: 2F 0-1: Ground out 1-3 (Groundball, P, EV 85.6 MPH)
|
Bottom of the 2nd over - 0 runs, 1 hit, 0 errors, 2 left on base; Franklin 0 - Hicksville 0 |
TOP OF THE 3RD |
Franklin Fire batting - Pitching for Hicksville Hounds : RHP Bartolo Cardona
|
Batting: LHB Travis Gilliam
|
0-0: Ball 1-0: Ball 2-0: Called Strike 2-1: Foul Ball, location: 2F 2-2: Strikes out swinging
|
Batting: RHB Randy Baker
|
0-0: Ground out 6-3 (Groundball, 56, EV 105.6 MPH)
|
Batting: LHB Bobby Verstraten
|
0-0: Ball 1-0: Ball 2-0: Foul Ball, location: 2F 2-1: Foul Ball, location: 2F 2-2: Ball 3-2: Base on Balls
|
Batting: RHB Charlie Yaeger
|
0-0: Ball 1-0: Fly out, F9 (Flyball, 9S, EV 82.5 MPH)
|
Top of the 3rd over - 0 runs, 0 hits, 0 errors, 1 left on base; Franklin 0 - Hicksville 0 |
BOTTOM OF THE 3RD |
Hicksville Hounds batting - Pitching for Franklin Fire : LHP George Battle
|
Batting: LHB Robbie Care
|
0-0: Called Strike 0-1: Ball 1-1: Called Strike 1-2: Ball 2-2: Strikes out swinging
|
Batting: RHB Luther H. Greene
|
0-0: Foul Ball, location: 2F 0-1: Ball 1-1: Ball 2-1: Ground out 5-3 (Groundball, 56, EV 81.2 MPH)
|
Batting: RHB Aloysius Szymanski
|
0-0: Foul Ball, location: 2F 0-1: Called Strike 0-2: Ball 1-2: Fly out, F8 (Flyball, 8RM, EV 95.6 MPH)
|
Bottom of the 3rd over - 0 runs, 0 hits, 0 errors, 0 left on base; Franklin 0 - Hicksville 0 |
TOP OF THE 4TH |
Franklin Fire batting - Pitching for Hicksville Hounds : RHP Bartolo Cardona
|
Batting: LHB Zak Makepeace
|
0-0: Ball 1-0: Ball 2-0: Ball 3-0: Foul Ball, location: 2F 3-1: Foul Ball, location: 2F 3-2: Foul Ball, location: 2F 3-2: Strikes out swinging
|
Batting: RHB Nick McGhee
|
0-0: Called Strike 0-1: Called Strike 0-2: Foul Ball, location: 2F 0-2: Ball 1-2: Foul Ball, location: 2F 1-2: Strikes out swinging passed ball, reaches first!
|
Batting: RHB Tucker Sanford
|
0-0: Called Strike Nick McGhee is caught stealing 2nd base 2-4 0-1: Ball 1-1: Ground out 6-3 (Groundball, 6, EV 90.6 MPH)
|
Top of the 4th over - 0 runs, 0 hits, 0 errors, 0 left on base; Franklin 0 - Hicksville 0 |
BOTTOM OF THE 4TH |
Hicksville Hounds batting - Pitching for Franklin Fire : LHP George Battle
|
Batting: SHB Juan Alonso
|
0-0: Ball 1-0: Foul Ball, location: 2F 1-1: Ball 2-1: Foul Ball, location: 2F 2-2: Fly out, F4 (Popup, 3S, EV 68.8 MPH)
|
Batting: RHB Hiroshige Yamada
|
0-0: Called Strike 0-1: Foul Ball, location: 2F 0-2: Ball 1-2: Foul Ball, location: 2F 1-2: Foul Ball, location: 2F 1-2: Ball 2-2: Ball 3-2: SINGLE (Flyball, 9LM, EV 90.6 MPH)
|
Batting: RHB Rafael Briones
|
0-0: Ball 1-0: Fly out, F8 (Line Drive, 8LD, EV 100.6 MPH)
|
Batting: LHB Trent Armstrong
|
0-0: Called Strike 0-1: SINGLE (Groundball, 5D, EV 101.2 MPH) Hiroshige Yamada to second
|
Batting: LHB Michael Cherry
|
0-0: Ground out 6-3 (Groundball, 6S, EV 86.2 MPH)
|
Bottom of the 4th over - 0 runs, 2 hits, 0 errors, 2 left on base; Franklin 0 - Hicksville 0 |
TOP OF THE 5TH |
Franklin Fire batting - Pitching for Hicksville Hounds : RHP Bartolo Cardona
|
Batting: SHB Roberto Arroyo
|
0-0: Foul Ball, location: 2F 0-1: Called Strike 0-2: Ball 1-2: Foul Ball, location: 2F 1-2: Strikes out swinging
|
Batting: SHB Millard Jones
|
0-0: Called Strike 0-1: Ball 1-1: Ground out U3 (Groundball, 34, EV 76.2 MPH)
|
Batting: LHB Travis Gilliam
|
0-0: Ball 1-0: Called Strike 1-1: Ball 2-1: Called Strike 2-2: Ground out 4-3 (Groundball, 4M, EV 83.8 MPH)
|
Top of the 5th over - 0 runs, 0 hits, 0 errors, 0 left on base; Franklin 0 - Hicksville 0 |
BOTTOM OF THE 5TH |
Hicksville Hounds batting - Pitching for Franklin Fire : LHP George Battle
|
Batting: RHB Shi-yu Ting
|
0-0: Swinging Strike 0-1: Foul Ball, location: 2F 0-2: Ground out 5-3 (Groundball, 56S, EV 74.4 MPH)
|
Batting: LHB Robbie Care
|
0-0: Called Strike 0-1: Ground out 6-3 (Groundball, 56, EV 100.6 MPH)
|
Batting: RHB Luther H. Greene
|
0-0: DOUBLE (Line Drive, 9LM, EV 110.0 MPH)
|
Batting: RHB Aloysius Szymanski
|
0-0: Ball 1-0: SINGLE (Groundball, 4MD, EV 96.9 MPH) Luther H. Greene to third Runner from 3rd tries for Home, SAFE, throw by CF to home Aloysius Szymanski to second
|
Batting: SHB Juan Alonso
|
0-0: Swinging Strike 0-1: Swinging Strike 0-2: Strikes out swinging
|
Bottom of the 5th over - 1 run, 2 hits, 0 errors, 1 left on base; Franklin 0 - Hicksville 1 |
TOP OF THE 6TH |
Franklin Fire batting - Pitching for Hicksville Hounds : RHP Bartolo Cardona
|
Batting: RHB Randy Baker
|
0-0: Foul Ball, location: 2F 0-1: Swinging Strike 0-2: Ball 1-2: Strikes out swinging
|
Batting: LHB Bobby Verstraten
|
0-0: Ball 1-0: Ball 2-0: Called Strike 2-1: Ground out 4-3 (Groundball, 4, EV 86.2 MPH)
|
Batting: RHB Charlie Yaeger
|
0-0: Ball 1-0: Ball 2-0: Ball 3-0: Foul Ball, location: 2F 3-1: Foul Ball, location: 2F 3-2: Strikes out swinging
|
Top of the 6th over - 0 runs, 0 hits, 0 errors, 0 left on base; Franklin 0 - Hicksville 1 |
BOTTOM OF THE 6TH |
Hicksville Hounds batting - Pitching for Franklin Fire : LHP George Battle
|
Batting: RHB Hiroshige Yamada
|
0-0: Ball 1-0: Foul Ball, location: 2F 1-1: Ball 2-1: Called Strike 2-2: Fly out, F8 (Flyball, 8RM, EV 86.2 MPH)
|
Batting: RHB Rafael Briones
|
0-0: Called Strike 0-1: Ball 1-1: SINGLE (Groundball, 4MD, EV 105.6 MPH)
|
Batting: LHB Trent Armstrong
|
0-0: Ball 1-0: Fielders Choice at 2nd, 5-4 (Groundball, 56, EV 78.8 MPH)
|
Batting: LHB Michael Cherry
|
0-0: Ball 1-0: SINGLE (Line Drive, 4D, EV 95.0 MPH) Trent Armstrong to second Runner from 2nd tries for 3rd, SAFE, no throw by RF
|
Batting: RHB Shi-yu Ting
|
0-0: Ball 1-0: Ball 2-0: Ball 3-0: Called Strike 3-1: SINGLE (Line Drive, 89S, EV 93.8 MPH) Trent Armstrong scores Michael Cherry to second Runner from 2nd tries for 3rd, SAFE, no throw by RF
|
Batting: LHB Robbie Care
|
0-0: Ball 1-0: Ball 2-0: Called Strike 2-1: Fielders Choice at 2nd, U6 (Groundball, 6M, EV 100.0 MPH)
|
Bottom of the 6th over - 1 run, 3 hits, 0 errors, 2 left on base; Franklin 0 - Hicksville 2 |
TOP OF THE 7TH |
Franklin Fire batting - Pitching for Hicksville Hounds : RHP Bartolo Cardona
|
Batting: LHB Zak Makepeace
|
0-0: Called Strike 0-1: Ball 1-1: Ball 2-1: Swinging Strike 2-2: Strikes out swinging
|
Batting: RHB Nick McGhee
|
0-0: Called Strike 0-1: Ball 1-1: Swinging Strike 1-2: Ball 2-2: Strikes out swinging
|
Batting: RHB Tucker Sanford
|
0-0: Ball 1-0: Ball 2-0: Called Strike 2-1: Swinging Strike 2-2: Ground out 1-3 (Groundball, P, EV 86.9 MPH)
|
Top of the 7th over - 0 runs, 0 hits, 0 errors, 0 left on base; Franklin 0 - Hicksville 2 |
BOTTOM OF THE 7TH |
Hicksville Hounds batting - Pitching for Franklin Fire : LHP George Battle
|
Batting: RHB Luther H. Greene
|
0-0: Foul Ball, location: 2F 0-1: Foul Ball, location: 2F 0-2: Foul Ball, location: 2F 0-2: Ball 1-2: Foul Ball, location: 2F 1-2: Ball 2-2: Foul Ball, location: 2F 2-2: Foul Ball, location: 2F 2-2: Ball 3-2: Fly out, F9 (Flyball, 9LS, EV 73.1 MPH)
|
Batting: RHB Aloysius Szymanski
|
0-0: Called Strike 0-1: Ball 1-1: Ball 2-1: Called Strike 2-2: Fly out, F7 (Line Drive, 7D, EV 109.4 MPH)
|
Batting: SHB Juan Alonso
|
0-0: Ball 1-0: Ball 2-0: Ball 3-0: Called Strike 3-1: Fly out, F4 (Flyball, 34D, EV 93.8 MPH)
|
Bottom of the 7th over - 0 runs, 0 hits, 0 errors, 0 left on base; Franklin 0 - Hicksville 2 |
TOP OF THE 8TH |
Franklin Fire batting - Pitching for Hicksville Hounds : RHP Bartolo Cardona
|
Pitching: RHP Ostasz Pochuev
|
|
Batting: SHB Roberto Arroyo
|
0-0: Ball 1-0: Swinging Strike 1-1: Foul Ball, location: 2F 1-2: DOUBLE (Line Drive, 8LXD, EV 105.0 MPH)
|
Batting: SHB Millard Jones
|
0-0: Called Strike 0-1: Ball 1-1: Ball 2-1: SINGLE (Groundball, 34D, EV 103.8 MPH) Roberto Arroyo to third Runner from 3rd tries for Home, SAFE, throw by RF to home
|
Batting: LHB Travis Gilliam
|
0-0: Bunted foul 0-1: Sac Bunt to 23 - play at first, batter OUT! 3-4 Millard Jones to second
|
Batting: RHB Randy Baker
|
0-0: Ball 1-0: Foul Ball, location: 2F 1-1: SINGLE (Groundball, 56D, EV 102.5 MPH) Millard Jones to third
|
Batting: LHB Bobby Verstraten
|
0-0: Called Strike 0-1: Ball 1-1: Ball 2-1: DOUBLE (Line Drive, 78D, EV 104.4 MPH) Millard Jones scores Randy Baker to third Runner from 3rd tries for Home, SAFE, no throw by CF
|
Batting: RHB Charlie Yaeger
|
0-0: Ground out U3 (Groundball, 3S, EV 63.8 MPH) Bobby Verstraten to third
|
Batting: LHB Zak Makepeace
|
0-0: Intentional Walk
|
Batting: RHB Nick McGhee
|
0-0: Swinging Strike 0-1: Ball 1-1: Called Strike 1-2: Strikes out swinging
|
Top of the 8th over - 3 runs, 4 hits, 0 errors, 2 left on base; Franklin 3 - Hicksville 2 |
BOTTOM OF THE 8TH |
Hicksville Hounds batting - Pitching for Franklin Fire : LHP George Battle
|
Pitching: RHP José Rivera
|
|
Batting: RHB Hiroshige Yamada
|
0-0: Ball 1-0: Ball 2-0: Ball 3-0: Called Strike 3-1: Foul Ball, location: 2F 3-2: Base on Balls
|
Batting: RHB Rafael Briones
|
0-0: Ball 1-0: Foul Ball, location: 2F 1-1: Bunt missed! 1-2: Fly out, F4 (Line Drive, 4, EV 68.8 MPH)
|
Batting: LHB Trent Armstrong
|
0-0: Reached on error, E6 (Groundball, 6, EV 90.0 MPH) Hiroshige Yamada to second
|
Batting: LHB Michael Cherry
|
0-0: Called Strike 0-1: Sac Bunt to 5S - play at first, batter OUT! 5-4 Hiroshige Yamada to third Trent Armstrong to second
|
Batting: RHB Shi-yu Ting
|
0-0: Called Strike 0-1: Hit by Pitch
|
Batting: LHB Robbie Care
|
0-0: Ball 1-0: Ball 2-0: Swinging Strike 2-1: Swinging Strike 2-2: Ball 3-2: Strikes out swinging
|
Bottom of the 8th over - 0 runs, 0 hits, 1 error, 3 left on base; Franklin 3 - Hicksville 2 |
TOP OF THE 9TH |
Franklin Fire batting - Pitching for Hicksville Hounds : RHP Ostasz Pochuev
|
Pitching: RHP Glenn van der Kuijl
|
|
Batting: RHB Tucker Sanford
|
0-0: Called Strike 0-1: Ball 1-1: Foul Ball, location: 2F 1-2: Strikes out swinging
|
Batting: SHB Roberto Arroyo
|
0-0: Swinging Strike 0-1: Called Strike 0-2: Ball 1-2: Strikes out looking
|
Batting: SHB Millard Jones
|
0-0: Ball 1-0: Foul Ball, location: 2F 1-1: Ball 2-1: Ball 3-1: Called Strike 3-2: Ground out 6-3 (Groundball, 6MS, EV 67.5 MPH)
|
Top of the 9th over - 0 runs, 0 hits, 0 errors, 0 left on base; Franklin 3 - Hicksville 2 |
BOTTOM OF THE 9TH |
Hicksville Hounds batting - Pitching for Franklin Fire : RHP José Rivera
|
Now at 1B: Andrew Kuwuki
|
|
Batting: RHB Luther H. Greene
|
0-0: Called Strike 0-1: Ball 1-1: Ball 2-1: Foul Ball, location: 2F 2-2: DOUBLE (Groundball, 5L, EV 100.6 MPH)
|
Batting: RHB Aloysius Szymanski
|
0-0: Ball 1-0: Ball 2-0: Called Strike 2-1: Ball 3-1: Base on Balls
|
Pinch Runner at 2nd Adam Black:
|
|
Batting: SHB Juan Alonso
|
0-0: Called Strike 0-1: Ball 1-1: Ball 2-1: Ball 3-1: SINGLE (Groundball, 13S, EV 54.4 MPH) (infield hit) Adam Black to third Aloysius Szymanski to second
|
Batting: RHB Hiroshige Yamada
|
0-0: Ball 1-0: Called Strike 1-1: Swinging Strike 1-2: Ball 2-2: Strikes out looking
|
Pitching: RHP Gan Hui
|
|
Batting: RHB Rafael Briones
|
0-0: Called Strike 0-1: Called Strike 0-2: Ball 1-2: Strikes out swinging
|
Batting: LHB Trent Armstrong
|
0-0: Ball 1-0: Called Strike 1-1: Ball 2-1: Called Strike 2-2: Ball 3-2: Foul Ball, location: 2F 3-2: Base on Balls Adam Black scores Aloysius Szymanski to third Juan Alonso to second
|
Batting: LHB Michael Cherry
|
0-0: Ball 1-0: Called Strike 1-1: Foul Ball, location: 2F 1-2: Ball 2-2: GRAND SLAM HOME RUN (Flyball, 89XD, EV 103.8 MPH), Distance : 385 ft
|
 |
Friday, April 17th, 2020 - OOTP Baseball 20.8 Build 74
|
|